 Dungeon Crawl Stone Soup version 0.27-a0-1046-g98bf31544f (webtiles) character file.

Game seed: 3479754571045257568

1666 porpoise the Skirmisher (level 9, 56/68 HPs)
             Began as a Djinni Venom Mage on Apr 20, 2021.
             Quit the game on level 7 of the Dungeon.
             The game lasted 00:20:19 (7549 turns).

porpoise the Skirmisher (Djinni Venom Mage)         Turns: 7549, Time: 00:20:19

Health: 56/68      AC:  4    Str:  7    XL:     9   Next: 1%
Gold:   280        EV: 13    Int: 19    God:
                   SH:  0    Dex: 15

rFire    + + .     SeeInvis .   b - +1 hand crossbow (vorpal)
rCold    x . .     Faith    .   (no shield)
rNeg     . . .     Spirit   .   p - +0 robe
rPois    ∞         Reflect  .   (no helmet)
rElec    .         Harm     .   B - +0 cloak
rCorr    +         Rampage  .   g - +0 pair of gloves
Will     .....                  (boots unavailable)
Stlth    ++........             (no amulet)
HPRegen  0.21/turn              L - ring of resist corrosion
MPRegen  0.00/turn              (no ring)

@: flying
A: fire resistance 2, cold vulnerability 1, float, innate caster, hp casting,
extra vitality 1
a: no special abilities


You were on level 7 of the Dungeon.
You visited 1 branch of the dungeon, and saw 7 of its levels.

You collected 280 gold pieces.

Inventory:

Hand Weapons
 a - a +3 hand axe of venom
 b - a +1 vorpal hand crossbow (weapon)
 y - a +0 quick blade
 D - a +0 hunting sling
Missiles
 c - 14 poisoned darts
 f - 248 stones
 k - 18 sling bullets
 m - 153 arrows
 s - 79 bolts (quivered ammo)
Armour
 g - a +0 pair of gloves (worn)
 p - a +0 robe (worn)
 B - a +0 cloak (worn)
 C - a +0 buckler
Magical Staves
 q - a staff of earth
Jewellery
 L - a ring of resist corrosion (left hand)
Wands
 H - a wand of polymorph (10)
 M - a wand of flame (21)
Scrolls
 d - 4 scrolls of teleportation
 e - 2 scrolls of noise {unknown}
 i - 2 scrolls of immolation {unknown}
 j - 4 scrolls of identify {unknown}
 l - a scroll of amnesia {unknown}
 u - a scroll of enchant weapon {unknown}
 v - a scroll of magic mapping {unknown}
 x - a scroll of acquirement {unknown}
 I - a scroll of fog {unknown}
 J - a scroll of fear {unknown}
 K - a scroll of vulnerability {unknown}
Potions
 h - a potion of curing
 n - a potion of resistance {unknown}
 o - 2 potions of lignification {unknown}
 r - a potion of berserk rage {unknown}
 t - a potion of magic {unknown}
 w - 2 potions of haste
 z - 2 potions of degeneration {unknown}
 A - 2 potions of brilliance {unknown}
 E - a potion of invisibility {unknown}
 F - a potion of heal wounds {unknown}
 G - a potion of might {unknown}


   Skills:
 - Level 7.0 Fighting
 + Level 4.2 Dodging
 - Level 1.5 Stealth
 + Level 1.3 Shields
 - Level 7.0 Spellcasting


You had one spell level left.
You knew the following spells:

 Your Spells              Type           Power      Damage    Failure   Level
a - Sting                 Tmut/Pois      100%       1d8       1%          1
b - Portal Projectile     Hex/Tloc       66%        N/A       1%          3
h - Ensorcelled Hibernat  Hex/Ice        66%        N/A       1%          2
i - Ignite Poison         Fire/Tmut/Pois 33%        N/A       1%          3
m - Mephitic Cloud        Conj/Pois/Air  33%        N/A       1%          3
o - Olgreb's Toxic Radia  Pois           33%        N/A       5%          4
r - Corpse Rot            Necr/Air       N/A        N/A       1%          2
s - Sandblast             Erth           66%        2d15      1%          1
v - Poisonous Vapours     Pois/Air       66%        N/A       1%          2
Your spell library was empty.

Dungeon Overview and Level Annotations

Branches:
Dungeon (7/15)
 Temple: D:4-7

Altars:
Wu Jian
Xom
Zin


Innate Abilities, Weirdness & Mutations

You are immune to poison.
Your flesh is very heat resistant. (rF++)
You are vulnerable to cold. (rC-)
You float through the air rather than walking.
You learn spells naturally, not from books.
Your magical power is your life essence.
You have superior vitality. (+4 HP)


Message History

You shoot a bolt. The bolt hits the orc!
You kill the orc!
A sky beast comes into view.
You shoot a bolt. The bolt hits the sky beast.
The sky beast is lightly wounded.
You shoot a bolt. The bolt closely misses the sky beast.
You shoot a bolt. The bolt hits the sky beast.
The sky beast is moderately wounded.
The sky beast flickers out of sight!
Deactivating autopickup; reactivate with Ctrl-A.
Casting: Sandblast (safe; 1% risk of failure)
Confirm with . or Enter, or press ? or * to list all spells.
Aiming: Sting (safe; 1% risk of failure)
Press: ? - help, Shift-Dir - straight line The sting hits something.
Casting: Sting (safe; 1% risk of failure)
Confirm with . or Enter, or press ? or * to list all spells.
Aiming: Sting (safe; 1% risk of failure)
Press: ? - help, Shift-Dir - straight line Something hits you.
Something shocks you.
Casting: Sting (safe; 1% risk of failure)
Confirm with . or Enter, or press ? or * to list all spells.
You ignite the poison in your surroundings!
Something seems to burn from within!
Reactivating autopickup.
You feel a bit more experienced.
Your Dodging skill increases to level 4!
Your Shields skill increases to level 1!
You have reached level 9!
Your experience leads to an increase in your attributes!
Increase (S)trength, (I)ntelligence, or (D)exterity?
You feel clever.
The power to cast Portal Projectile wells up from within.
Spell assigned to 'b'.
Casting: Ignite Poison (safe; 1% risk of failure)
Confirm with . or Enter, or press ? or * to list all spells.
Okay, then.
Unknown command.
Unknown command.
Are you sure you want to abandon this character and quit the game? (Confirm with "yes".)

.
###+###....
#..@...#
#...†..#
#...(..#
#......#
#........
.....(....
###.......(.
#...(#####


There were no monsters in sight!

Vanquished Creatures
  Sigmund (D:4)
  Menkaure (D:5)
  A hornet zombie (D:7)
  A sky beast (D:7)
  2 centaurs
  2 ogres
  A bullfrog (D:5)
  6 scorpions
  An orc priest (D:6)
  2 hounds
  A gnoll shaman (D:6)
  3 orc wizards
  A howler monkey zombie (D:5)
  5 gnolls
  2 howler monkey skeletons
  6 adders
  An adder skeleton (D:5)
  2 worms (D:2)
  8 dart slugs
  11 orcs
  10 bats
  8 endoplasms
  3 giant cockroaches
  8 goblins
  11 hobgoblins
  8 kobolds
  A quokka (D:1)
  7 ball pythons
  4 frilled lizards
  5 rats
123 creatures vanquished.

Notes
Turn   | Place    | Note
-------+----------+-------------------------------------------
     0 | D:1      | porpoise the Djinni Venom Mage began the quest for the Orb.
     0 | D:1      | Reached XP level 1. HP: 15/15 MP: 0/0
    48 | D:1      | Reached skill level 1 in Fighting
    48 | D:1      | Reached XP level 2. HP: 10/22 MP: 0/0
   663 | D:1      | Reached XP level 3. HP: 27/27 MP: 0/0
   663 | D:1      | Learned a level 1 spell: Sandblast
  1873 | D:2      | Reached XP level 4. HP: 30/33 MP: 0/0
  2106 | D:2      | Noticed an ogre
  2112 | D:2      | Killed an ogre
  2113 | D:2      | Reached XP level 5. HP: 29/40 MP: 0/0
  2113 | D:2      | Learned a level 2 spell: Corpse Rot
  2212 | D:2      | Found a faded altar of an unknown god.
  3724 | D:4      | Noticed Sigmund
  3729 | D:4      | Killed Sigmund
  3730 | D:4      | Reached XP level 6. HP: 25/48 MP: 0/0
  3903 | D:4      | Reached XP level 7. HP: 46/53 MP: 0/0
  3903 | D:4      | Learned a level 2 spell: Ensorcelled Hibernation
  4245 | D:4      | Reached skill level 5 in Spellcasting
  4383 | D:4      | Found an ornate altar of the Wu Jian Council.
  4579 | D:4      | Reached skill level 5 in Fighting
  4882 | D:5      | Entered Level 5 of the Dungeon
  4983 | D:5      | Noticed Menkaure
  4989 | D:5      | Killed Menkaure
  5359 | D:5      | Reached XP level 8. HP: 59/61 MP: 0/0
  5831 | D:5      | Found a glowing silver altar of Zin.
  6959 | D:6      | Found a shimmering altar of Xom.
  7549 | D:7      | Reached skill level 1 in Shields
  7549 | D:7      | Reached XP level 9. HP: 56/68 MP: 0/0
  7549 | D:7      | Learned a level 3 spell: Portal Projectile
  7549 | D:7      | Quit the game

Illustrated notes

Levels and vault maps discovered:
D:1:      lemuel_arrival_muddy, layout_basic, st_stairs_3,
          minmay_misc_feat_hallway
D:2:      layout_basic, shapermc_ecumenical_altar_mp_highgroup, minmay_vboxes
D:3:      layout_basic, mrwooster_statue_mirror
D:4:      layout_gridville, overflow_temple_1_default, uniq_sigmund
D:5:      layout_loops_ring, zin_treasury, uniq_menkaure
D:6:      layout_rooms, kennysheep_mini, serial_glass, glass_columns_a,
          glass_columns_a, glass_columns_c, glass_columns_c, glass_columns_a,
          glass_columns_a, glass_columns_a, glass_columns_b,
          hangedman_abyss_or_decor_jellyfish_corner
D:7:      layout_basic, grunt_temple_overflow_open, temple_doors_e,
          minmay_starry_boxes, uniq_harold, uniq_maggie

Skill      XL: |  1  2  3  4  5  6  7  8 |
---------------+-------------------------+-----
Fighting       | 1 2 3 4 6 7 |  7.0
Spellcasting   | 3 4 5 7 |  7.0
Dodging        | 4 |  4.2
Shields        | 1 |  1.3
Stealth        | |  1.5

Action                   |  1- 3 |  4- 6 |  7- 9 || total
-------------------------+-------+-------+-------++-------
Melee: Spear             |     9 |       |       ||     9
       Flail             |     1 |       |       ||     1
       Short sword       |     3 |     5 |       ||     8
       Quick blade       |       |     1 |       ||     1
       Hand axe          |       |       |    10 ||    10
 Fire: Hunting sling     |       |    34 |    16 ||    50
       Hand crossbow     |       |       |    40 ||    40
Throw: Dart              |     6 |       |       ||     6
 Cast: Sting             |    56 |    42 |    24 ||   122
       Sandblast         |     2 |     6 |    16 ||    24
       Ignite Poison     |       |     3 |    15 ||    18
       Mephitic Cloud    |       |     1 |     5 ||     6
       Olgreb's Toxic Ra |       |     1 |     3 ||     4
       Poisonous Vapours |       |       |     7 ||     7
  Use: Potion            |       |     1 |       ||     1
       Scroll            |       |       |     1 ||     1
 Stab: Sleeping          |     1 |     2 |       ||     3
Armor: Robe              |     7 |     2 |     6 ||    15
Dodge: Dodged            |    21 |    18 |    32 ||    71

Table legend: (Time is in decaauts)
 A = Elapsed time spent in this place.
 B = Non-inter-level travel time spent in this place.
 C = Inter-level travel time spent in this place.
 D = Time resting spent in this place.
 E = Time spent auto-exploring this place.
 F = Levels seen in this place.
 G = Mean time per level.
                   A        B        C        D        E       F      G
               +--------+--------+--------+--------+--------+-----+--------+
         Total |   7576 |   7345 |    231 |   2823 |   3803 |   7 | 1082.3 |
       Dungeon |   7576 |   7345 |    231 |   2823 |   3803 |   7 | 1082.3 |
               +--------+--------+--------+--------+--------+-----+--------+

Top non-repeatable levels by time:
     D:5: 1635 daAuts
     D:1: 1541 daAuts
     D:2: 1215 daAuts
     D:4: 1159 daAuts
     D:3: 968 daAuts
     D:6: 831 daAuts
     D:7: 223 daAuts
